 Dungeon Crawl Stone Soup version 0.29.1-1-gd02db6906a (webtiles) character file.

Game seed: 3826071607203356581

521931 mortz the Ruinous (level 27, -3/126 (135) HPs)
             Began as a Kobold Conjurer on Sept 30, 2022.
             Was an Elder of Elyvilon.
             Succumbed to a tengu reaver's poison
             ... on level 4 of the Vaults on Oct 4, 2022.
             The game lasted 11:45:51 (99719 turns).

mortz the Ruinous (Kobold Conjurer)                Turns: 99719, Time: 11:45:52

HP:   -3/126 (135)  AC: 22    Str:  9    XL:     27
MP:   42/57         EV: 16    Int: 29    God:    Elyvilon [****..]
Gold: 2418          SH:  0    Dex: 15    Spells: 1/68 levels left

rFire   + + +      SeeInvis .   a - +0 staff of Battle
rCold   + . .      Faith    .   (shield currently unavailable)
rNeg    . . .      Spirit   .   u - +2 ring mail of the Spheres {Fly rPois rF+++ Str-2}
rPois   +          Reflect  .   f - +2 helmet of Youthful Indiscretion {rC+ Str+4}
rElec   .          Harm     .   x - +2 cloak
rCorr   .          Rampage  .   q - +2 pair of gloves
Will    +....                   e - +2 pair of boots {Stlth+}
Stlth   ++++++++..              v - amulet of magic regeneration
HPRegen 0.31/turn               N - ring of wizardry
MPRegen 0.75/turn               Z - ring of magical power

@: lethally poisoned (-3 -> -27), weak-willed, flying, drained
A: small, no large weapons, nightstalker 3
}: 2/15 runes: serpentine, barnacled
a: Renounce Religion, Purification, Heal Other, Heal Self


You were on level 4 of the Vaults.
You worshipped Elyvilon.
Elyvilon was greatly pleased with you.
You visited 9 branches of the dungeon, and saw 42 of its levels.
You visited 2 bazaars.
You visited 1 ziggurat, and saw 8 of its levels.
You also visited: Sewer, Bailey and Gauntlet.

You collected 5300 gold pieces.
You spent 2882 gold pieces at shops.

Inventory:

Hand Weapons
 a - the +0 staff of Battle (weapon)
   (You acquired it on level 1 of the Snake Pit)

   It enhances your conjuration magic.
   It summons a battlesphere in combat, with strength depending on Conjurations
   skill.
   Its strikes trigger the battlesphere's blasts.
 b - a +7 dagger of protection
 Y - a +7 quick blade of freezing
Armour
 e - a +2 pair of boots of stealth (worn)
 f - the +2 helmet of Youthful Indiscretion (worn) {rC+ Str+4}
   (You found it in a Gauntlet)

   Str:       It affects your strength (+4).
   rC:        It protects you from cold.
 q - a +2 pair of gloves (worn)
 r - a +2 leather armour of fire resistance
 u - the +2 ring mail of the Spheres (worn) {Fly rPois rF+++ Str-2}
   (You found it on level 2 of the Lair of Beasts)

   Str:       It affects your strength (-2).
   rF:        It renders you almost immune to fire.
   rPois:     It protects you from poison.
   Fly:       It grants you flight.
 x - a +2 cloak (worn)
 L - a +4 troll leather armour
 O - the +8 chain mail of Doyruseh {rN+ rCorr Int-3}
   (You found it on level 1 of the Vaults)

   Int:       It affects your intelligence (-3).
   rN:        It protects you from negative energy.
   rCorr:     It protects you from acid and corrosion.
 Q - +3 fire dragon scales {Xtahua}
 T - the +3 scale mail of the Endless Expanse {rElec rN+ Str-4 Int+3}
   (You found it on level 8 of a ziggurat)

   Str:       It affects your strength (-4).
   Int:       It affects your intelligence (+3).
   rElec:     It insulates you from electricity.
   rN:        It protects you from negative energy.
 W - a +2 scale mail of willpower
Jewellery
 h - an amulet of regeneration
 k - a +4 ring of protection
 v - an amulet of magic regeneration (around neck)
 w - a ring of positive energy
 F - the ring "Jiokleutz" {Fly rElec SInv}
   (You acquired it on level 9 of the Dungeon)

   [ring of see invisible]

   rElec:     It insulates you from electricity.
   SInv:      It lets you see invisible.
   Fly:       It grants you flight.
 K - a +4 ring of slaying
 N - a ring of wizardry (left hand)
 P - a ring of willpower
 S - a ring of protection from cold
 U - the amulet "Zasologa" {Reflect rElec rF- rN+ rCorr SH+5}
   (You bought it in a shop on level 9 of the Dungeon)

   [amulet of reflection]

   It reflects blocked missile attacks.
   rF:        It makes you vulnerable to fire.
   rElec:     It insulates you from electricity.
   rN:        It protects you from negative energy.
   rCorr:     It protects you from acid and corrosion.
   SH:        It affects your SH (+5).
 Z - a ring of magical power (right hand)
Wands
 i - a wand of flame (112)
 j - a wand of light (22)
 A - a wand of paralysis (43)
 D - a wand of roots (55)
 G - a wand of mindburst (35)
 X - a wand of digging (22)
Scrolls
 m - 2 scrolls of immolation
 n - a scroll of blinking
 p - 2 scrolls of magic mapping
 s - 12 scrolls of teleportation
 y - 9 scrolls of butterflies
 H - 3 scrolls of amnesia
 J - 8 scrolls of fear
Potions
 c - 9 potions of brilliance
 d - 6 potions of heal wounds
 o - 7 potions of attraction
 z - 7 potions of might
 B - 2 potions of invisibility
 C - 8 potions of mutation
 E - 5 potions of haste
 I - a potion of cancellation
 R - 3 potions of resistance
 V - 13 potions of curing
Miscellaneous
 g - a phial of floods
 l - a phantom mirror
 t - a box of beasts
 M - a lightning rod (4/4)


   Skills:
 - Level 3.8 Fighting
 + Level 5.7 Short Blades
 + Level 1.4 Maces & Flails
 + Level 8.8 Armour
 + Level 9.4 Dodging
 + Level 18.1 Stealth
 + Level 1.9 Shields
 + Level 21.3 Spellcasting
 + Level 21.5 Conjurations
 + Level 2.0 Hexes
 + Level 6.1 Summonings
 + Level 11.7 Translocations
 + Level 6.7 Fire Magic
 * Level 19.4 Earth Magic
 + Level 13.9 Invocations
 + Level 0.6 Evocations


You had one spell level left.
You knew the following spells:

 Your Spells              Type           Power      Damage    Failure   Level
a - Magic Dart            Conj           100%       1d8       0%          1
b - Searing Ray           Conj           100%       2d8       0%          2
c - Iskenderun's Mystic   Conj/Tloc      100%       2d19      1%          4
d - Dazzling Flash        Conj/Hex       100%       N/A       1%          3
e - Starburst             Conj/Fire      53%        6d14      1%          6
f - Fulminant Prism       Conj/Hex       49%        3d21      1%          4
g - Spellforged Servitor  Conj/Summ      52%        N/A       3%          7
i - Iron Shot             Conj/Erth      61%        9d11      1%          6
l - Lee's Rapid Deconstr  Erth           48%        3d24*     1%          5
o - Orb of Destruction    Conj           62%        9d15      1%          7
p - Passwall              Tmut/Erth      60%        N/A       1%          2
r - Irradiate             Conj/Tmut      48%        3d27      1%          5
s - Stone Arrow           Conj/Erth      100%       3d13      0%          3
w - Flame Wave            Conj/Fire      100%       2d21      1%          4
x - Lehudib's Crystal Sp  Conj/Erth      61%        10d14     1%          8

Your spell library contained the following spells:

 Spells                   Type           Power      Damage    Failure   Level
 Apportation              Tloc           100%       N/A       0%          1
 Sandblast                Erth           100%       2d20      0%          1
 Beastly Appendage        Tmut           60%        N/A       1%          1
 Necrotise                Necr           100%       1d9       1%          1
 Summon Small Mammal      Summ           100%       N/A       1%          1
 Ensorcelled Hibernation  Hex/Ice        72%        N/A       1%          2
 Scorch                   Fire           100%       2d10      1%          2
 Static Discharge         Conj/Air       96%        3-15/arc  1%          2
 Sublimation of Blood     Necr           30%        N/A       1%          2
 Wereblood                Tmut           30%        N/A       1%          2
 Call Canine Familiar     Summ           61%        N/A       1%          3
 Gell's Gravitas          Tloc           78%        N/A       1%          3
 Portal Projectile        Hex/Tloc       100%       N/A       1%          3
 Summon Guardian Golem    Hex/Summ       53%        N/A       1%          3
 Animate Armour           Summ/Erth      100%       N/A       1%          4
 Sticky Flame             Conj/Fire      100%       2d11      1%          4
 Freezing Cloud           Conj/Ice/Air   41%        6-21      1%          5
 Conjure Ball Lightning   Conj/Air       48%        3x3d17    1%          6
 Dispersal                Tloc           39%        N/A       1%          6
 Ozocubu's Armour         Ice            30%        N/A       3%          3
 Spider Form              Tmut/Pois      30%        N/A       3%          3
 Vampiric Draining        Necr           30%        2d8       3%          3
 Summon Ice Beast         Ice/Summ       48%        N/A       3%          4
 Summon Mana Viper        Hex/Summ       53%        N/A       6%          5
 Anguish                  Hex/Necr       18%        N/A       7%          4
 Dispel Undead            Necr           30%        3d14      11%         4
 Ice Form                 Ice/Tmut       30%        N/A       11%         4
 Summon Cactus Giant      Summ           30%        N/A       13%         6
 Agony                    Necr           30%        N/A       28%         5
 Blade Hands              Tmut           15%        N/A       28%         5
 Disjunction              Tloc           39%        N/A       45%         8
 Monstrous Menagerie      Summ           30%        N/A       54%         7
 Summon Hydra             Summ           30%        N/A       54%         7
 Simulacrum               Ice/Necr       15%        N/A       82%         6
 Dragon Form              Tmut           15%        N/A       100%        7
 Ozocubu's Refrigeration  Ice            15%        4d10      100%        7
 Discord                  Hex            21%        N/A       100%        8
 Polar Vortex             Ice            15%        N/A       100%        9


Dungeon Overview and Level Annotations

Branches:
Dungeon (15/15) Zot: 24180  Temple (1/1) D:6 Zot: 5966    Lair (5/5) D:10 Zot: 12109
 Shoals (4/4) Lair:3 Zot: 9993   Snake (4/4) Lair:3 Zot: 15896   Slime (0/5) Lair:5
    Orc (2/2) D:10 Zot: 7179     Elf (2/3) Orc:2 Zot: 8529  Vaults (5/5) D:13 Zot: 15343
  Crypt (0/3) Vaults:2     Depths (4/4) D:15 Zot: 13920     Zot (0/5) Depths:4
  Sewer (visited)          Bailey (visited)         Gauntlet (visited)

Altars:
Ashenzari
Cheibriados
Dithmenos
Elyvilon
Fedhas
Gozag
Hepliaklqana
Kikubaaqudgha
Makhleb
Nemelex Xobeh
Okawaru
Qazlal
Ru
Sif Muna
Trog
Uskayaw
Vehumet
Wu Jian
Xom
Yredelemnul
Zin
The Shining One
Jiyva

Shops:
D:9 =   D:11 :   D:13 *   Orc:1 *   Orc:2 !([[   Elf:1 =   Shoals:2 (
Shoals:3 [[   Shoals:4 **   Snake:1 ((   Depths:4 (*=

Portals:
Hell: Depths:1 Depths:2 Depths:3 Depths:4
Abyss: Depths:3
Pandemonium: Depths:2
Trove: D:12 (give 7 scrolls of blinking)

Annotations:
Depths:4 1 transporter


Innate Abilities, Weirdness & Mutations

You are small and have problems with some larger weapons.
You are completely attuned to the shadows.


Message History

A barrage of energy appears from out of your range of vision.
The barrage of energy hits the titan!
The titan is heavily wounded.
The tentacled monstrosity is engulfed in blazing flames.
Flame seeps out of the tentacled monstrosity.
The vault guard is engulfed in blazing flames.
Flame seeps out of the vault guard.
The ironbound convoker points at the vault guard and mumbles some strange words.
The vault guard seems to grow stronger.
The deep elf sorcerer gestures wildly while chanting.
The deep elf sorcerer seems to speed up.
The phantasmal warrior hits you!!
Your willpower is stripped away!
The shadow dragon is engulfed in blazing flames.
You are engulfed in blazing flames.
You resist.
The deep elf sorcerer points at you and mumbles some strange words.
You struggle to resist.
The vault guard is engulfed in blazing flames.
Flame seeps out of the vault guard.
The ironbound convoker points at the deep elf sorcerer and mumbles some strange words.
The deep elf sorcerer seems to grow stronger.
The ironbound convoker barely misses you.
The deep elf demonologist hits your battlesphere with a +1 dagger of freezing!
The titan hits you!!
* * * LOW HITPOINT WARNING * * *
The vault guard hits you from afar with a +0 glaive!
* * * LOW HITPOINT WARNING * * *
The phantasmal warrior closely misses you.
The shadow dragon bites you!
* * * LOW HITPOINT WARNING * * *
You feel drained. Elyvilon protects you from harm!
The shadow dragon claws you but does no damage.
The shadow dragon closely misses you.
The tengu reaver hits you from afar with a +5 glaive of venom!
Elyvilon protects you from harm!
You are lethally poisoned!
You fly upwards.
Your battlesphere wavers and loses cohesion.
You conjure a globe of magical energy.
You die...

#########################..#.)[..
#..'...). ######### #..#....<
#.......# #..#..... #########
#.......# #.[#..... #.......#
#.......# #.[###### #.......#
#.......# #.[<..... #.......#
#....D..# #.[[).... #.......#
#..*@p..# #........ #...>...#
#...WC..# #.[...... #.......#
#.......# #........ #.[[....#
#.......# #........ #..[[...#
#.......# #........
######'########'#########........
.....[.............^.......?.....
........[.......................[
.................................


You could see a shadow dragon, a titan, a phantasmal warrior (strong), an
ironbound convoker and a friendly battlesphere.

Vanquished Creatures
  Mara (Vaults:2)
  Sojobo (Vaults:2)
  2 Killer Klowns (Zig:5)
  Saint Roka (Vaults:4)
  Xtahua (Vaults:4)
  A caustic shrike (Depths:2)
  Vashnia (Snake:2)
  Bai Suzhen (Snake:4)
  Nikola (Shoals:3)
  4 golden dragons (Depths:4)
  A bone dragon (Depths:4)
  The ghost of Zeldest the Brawler, an adept TrFi of Jiyva (Shoals:4)
  A tentacled monstrosity (Zig:6)
  Rupert (Lair:4)
  Mlioglotl (Snake:4)
  Asterion (Snake:2)
  A walking earthen tome (Depths:2)
  A deep elf master archer (Zig:7)
  A deep elf blademaster (Elf:2)
  A titan (Zig:4)
  2 sphinxes
  A kraken (Shoals:2)
  A shadow dragon (Depths:4)
  5 tengu reavers
  Polyphemus (Shoals:3)
  Kirke (Lair:4)
  A thorn hunter (Zig:8)
  2 storm dragons
  A fenstrider witch (Zig:8)
  Donald (Snake:4)
  8 nagarajas
  Ilsuiw (Shoals:3)
  10 fire giants
  A draconian knight (Depths:4)
  A draconian shifter (Depths:4)
  Aizul (Vaults:4)
  An iron dragon (Depths:2)
  A balrug (Depths:2)
  A deep elf sorcerer (Elf:1)
  6 frost giants
  9 vault wardens
  2 orc warlords
  A ghoul (Vaults:2)
  28 very ugly things
  17 ironbound preservers
  A draconian stormcaller (Depths:4)
  A war gargoyle (Vaults:3)
  4 spriggan defenders
  5 ironbound thunderhulks
  11 stone giants
  2 vampire knights
  5 entropy weavers
  A deep elf annihilator (Vaults:1)
  8 dire elephants
  Nessos (D:15)
  Azrael (Elf:2)
  2 purple draconians (Depths:4)
  A green draconian (Depths:4)
  A minotaur (Gauntlet)
  2 red draconians (Depths:4)
  6 spark wasps
  A yellow draconian (Depths:4)
  6 ettins
  A bunyip (Zig:8)
  A deep elf death mage (Elf:1)
  8 fire dragons
  3 crystal guardians
  3 great orbs of eyes
  7 merfolk impalers
  5 deep elf high priests
  A jiangshi (Vaults:2)
  4 merfolk javelineers
  Harold (Orc:1)
  7 yaktaur captains
  9 hydras
  3 catoblepae
  32 vault guards
  4 boulder beetles
  A ghost crab (Zig:8)
  12 ice dragons
  3 salamander tyrants (Snake:2)
  2 ogre magi
  A spriggan air mage (Depths:3)
  7 ironbound frosthearts
  2 peacekeepers
  14 centaur warriors
  7 merfolk avatars
  12 naga warriors
  7 merfolk aquamancers
  A satyr (shapeshifter) (Depths:2)
  3 death knights
  An alligator snapping turtle (Shoals:3)
  11 anacondas
  25 dancing weapons
  3 satyrs
  10 two-headed ogres
  8 tengu warriors
  8 deep troll shamans
  3 orc high priests
  6 death yaks
  10 deep troll earth magi
  A hell hog (Gauntlet)
  7 shock serpents
  4 spriggan berserkers
  Sonja (Orc:1)
  14 naga sharpshooters
  A hell knight (Depths:4)
  19 deep elf knights
  A sun demon (Depths:2)
  A titan zombie (Depths:2)
  2 spectral death yaks (Lair:5)
  5 skeletal warriors
  2 salamander mystics
  7 iron trolls
  A spectral anaconda (Lair:5)
  3 glowing orange brains
  2 spriggan druids (Zig:8)
  60 deep trolls
  13 sea snakes
  8 naga ritualists
  2 obsidian statues
  9 deep elf archers
  7 orc knights
  15 wizards
  21 mana vipers
  24 deep elf zephyrmancers
  14 ironbound convokers
  6 necromancers
  23 deep elf pyromancers
  22 harpies
  A harpy (shapeshifter) (D:13)
  16 lindwurms
  49 ugly things
  7 cyclopes
  2 oklob plants (Lair:5)
  13 manticores
  14 salamanders
  12 fauns
  An orc sorcerer (Orc:1)
  2 tengu zombies
  A fire giant zombie (Vaults:1)
  9 merfolk sirens
  2 sphinx skeletons
  15 naga magi
  38 black mambas
  7 water nymphs
  5 centaur zombies (D:12)
  A dire elephant zombie (Lair:5)
  29 elephants
  A torpor snail (Lair:5)
  10 guardian serpents
  15 vault sentinels
  A smoke demon (Depths:2)
  A gargoyle (Zig:1)
  A fire giant skeleton (Vaults:1)
  2 unseen horrors
  16 yaktaurs
  A human zombie (Vaults:2)
  21 cane toads
  A yaktaur zombie (Vaults:2)
  3 rime drakes
  6 komodo dragons
  A komodo dragon (shapeshifter) (Zig:5)
  A freezing wraith (D:15)
  An efreet (D:13)
  2 elf skeletons
  A golden dragon simulacrum (Depths:2)
  5 tengu conjurers
  3 meliai (D:11)
  9 wind drakes
  7 trolls
  35 merfolk
  Grinder (D:3)
  7 polar bears
  40 slime creatures
  2 raiju (Zig:4)
  2 hornets
  21 blink frogs
  7 snapping turtles
  11 dream sheep
  A spectral elephant (Lair:5)
  Sigmund (D:5)
  37 yaks
  A spriggan (Depths:2)
  7 wraiths
  A dire elephant simulacrum (Lair:5)
  An air elemental (Elf:1)
  8 water elementals
  A wyvern (shapeshifter) (Depths:3)
  4 vampires (D:12)
  4 shadows
  2 wyverns
  4 fire elementals (Elf:2)
  2 basilisks
  3 hogs (Lair:4)
  3 fire bats (Gauntlet)
  A chaos spawn (Zig:5)
  3 steam dragons
  9 redbacks
  20 vampire mosquitoes
  2 death yak simulacra (Lair:5)
  44 nagas
  3 spectral cane toads (Lair:5)
  8 wargs
  3 acid dragons
  Duvessa (D:6)
  13 water moccasins
  3 hell hounds
  56 orc warriors
  An ice beast (D:6)
  2 black bears
  An elephant zombie (Lair:5)
  49 wolves
  2 elephant skeletons (Lair:5)
  18 centaurs
  7 ogres
  3 kobold brigands
  2 phantoms
  Blork the orc (D:5)
  7 gnoll sergeants
  8 bullfrogs
  A necrophage (D:5)
  2 scorpions
  An earth elemental (Elf:1)
  Dowan (D:6)
  5 elephant simulacra (Lair:5)
  16 killer bees
  A howler monkey (D:7)
  4 electric eels
  2 jellies
  Crazy Yiuf (D:3)
  20 orc priests
  3 hounds (D:4)
  Jessica (D:2)
  Terence (D:3)
  3 iguanas
  Natasha (thrice) (D:2)
  23 orc wizards
  Robin (D:2)
  14 gnolls
  6 adders
  3 shadow imps
  16 white imps
  2 ufetubi
  4 worms
  3 dart slugs
  87 orcs
  4 ball pythons
  2 endoplasms
  5 giant cockroaches
  33 goblins
  19 hobgoblins
  6 jackals
  16 kobolds
  A quokka (D:3)
  8 bats
  5 frilled lizards
  11 rats
  A tentacle (Shoals:2)
1869 creatures vanquished.

Vanquished Creatures (others)
  An eleionoma (Zig:8)
  2 hydras (Zig:8)
  A lindwurm (Vaults:2)
  An unseen horror (shapeshifter) (Depths:4)
  4 humans (Lair:4)
  22 fulminant prisms
  50 fungi
  89 plants
  6 tentacles (Shoals:2)
  38 withered plants
214 creatures vanquished.

Grand Total: 2083 creatures vanquished

Notes
Turn   | Place    | Note
-------+----------+-------------------------------------------
     0 | D:1      | mortz the Kobold Conjurer began the quest for the Orb.
     0 | D:1      | Reached XP level 1. HP: 10/10 MP: 3/3
   297 | D:1      | Reached XP level 2. HP: 15/15 MP: 0/5
   625 | D:1      | Learned a level 2 spell: Searing Ray
   787 | D:1      | Reached XP level 3. HP: 19/19 MP: 0/6
  1820 | D:2      | You fall into a shaft and drop 2 floors!
  1932 | D:3      | Reached XP level 4. HP: 22/24 MP: 5/7
  2125 | D:3      | Found a glowing drain.
  2148 | Sewer    | Entered a sewer
  2272 | Sewer    | Noticed a kobold brigand
  2296 | Sewer    | Killed a kobold brigand
  2297 | Sewer    | Reached skill level 5 in Conjurations
  2297 | Sewer    | Reached XP level 5. HP: 28/28 MP: 3/9
  2435 | Sewer    | Found a white marble altar of Elyvilon.
  2446 | Sewer    | Became a worshipper of Elyvilon the Healer
  2948 | D:2      | Noticed Robin
  2970 | D:2      | Killed Robin
  2984 | D:2      | Reached XP level 6. HP: 32/32 MP: 0/10
  3290 | D:2      | Reached * piety under Elyvilon
  3336 | D:2      | Noticed Jessica
  3339 | D:2      | Noticed Natasha
  3340 | D:2      | Killed Jessica
  3343 | D:2      | Killed Natasha
  3344 | D:2      | Reached skill level 5 in Stealth
  3465 | D:2      | Learned a level 4 spell: Iskenderun's Mystic Blast
  3479 | D:2      | Noticed Natasha
  4011 | D:2      | Killed Natasha
  4744 | D:2      | Noticed Natasha
  4755 | D:2      | Killed Natasha
  5132 | D:3      | Noticed Terence
  5184 | D:3      | Killed Terence
  5185 | D:3      | Reached skill level 1 in Short Blades
  5295 | D:3      | Noticed Grinder
  5298 | D:3      | Paralysed by Grinder for 5 turns
  5307 | D:3      | Killed Grinder
  5308 | D:3      | Reached skill level 1 in Translocations
  5308 | D:3      | Reached XP level 7. HP: 11/37 MP: 0/12
  5543 | D:3      | Reached skill level 1 in Fighting
  5701 | D:3      | Found a faded altar of an unknown god.
  5800 | D:3      | Found a runed translucent door.
  5803 | D:3      | Noticed Crazy Yiuf
  5809 | D:3      | Killed Crazy Yiuf
  6487 | D:4      | Found an ornate altar of the Wu Jian Council.
  6494 | D:4      | Reached XP level 8. HP: 43/43 MP: 9/13
  6856 | D:5      | Entered Level 5 of the Dungeon
  6906 | D:5      | Noticed Sigmund
  6911 | D:5      | Killed Sigmund
  6976 | D:5      | Reached ** piety under Elyvilon
  7494 | D:5      | Noticed Blork the orc
  7498 | D:5      | Killed Blork the orc
  7800 | D:6      | Noticed Duvessa
  7803 | D:6      | Noticed Dowan
  7807 | D:6      | Killed Duvessa
  7808 | D:6      | Reached skill level 1 in Invocations
  7821 | D:6      | Killed Dowan
  8069 | D:6      | Reached XP level 9. HP: 47/47 MP: 10/14
  8116 | D:6      | Found a staircase to the Ecumenical Temple.
  8220 | D:6      | Reached skill level 10 in Stealth
  8229 | D:6      | Reached *** piety under Elyvilon
  8667 | D:5      | Reached skill level 5 in Dodging
  9210 | Temple   | Entered the Ecumenical Temple
  9442 | D:7      | Found a radiant altar of Vehumet.
  9761 | D:7      | Found a snail-covered altar of Cheibriados.
 10865 | D:8      | Reached XP level 10. HP: 51/53 MP: 6/16
 11012 | D:8      | Reached **** piety under Elyvilon
 11018 | D:8      | Found an opulent altar of Gozag.
 11077 | D:8      | HP: 2/53 [vampire mosquito (7)]
 11078 | D:8      | Elyvilon protects you from harm!
 11745 | D:8      | Reached skill level 5 in Spellcasting
 11785 | D:8      | Found a stormy altar of Qazlal.
 11811 | D:8      | Reached skill level 5 in Translocations
 11928 | D:8      | Found a broken altar of Ashenzari.
 12320 | D:9      | Identified the +3 leather armour "Roihooqyd" {+Inv Int+4}
 12338 | D:9      | Found an ancient bone altar of Kikubaaqudgha.
 12338 | D:9      | Found a shimmering altar of Xom.
 12417 | D:9      | Found Komemu's Jewellery Boutique.
 12424 | D:9      | Bought an amulet of regeneration for 390 gold pieces
 12809 | D:9      | Reached XP level 11. HP: 56/60 MP: 6/19
 12860 | D:9      | Found a blossoming altar of Fedhas.
 12894 | D:9      | Found a flagged portal.
 12911 | Bailey   | Entered a bailey
 13467 | Bailey   | Reached skill level 1 in Armour
 13562 | Bailey   | Learned a level 3 spell: Dazzling Flash
 13730 | Bailey   | Identified the +10 flail of the Five Seers {freeze, rPois
                  | rN+ Int+4 Dex-2}
 13782 | Bailey   | Noticed an orc knight
 13827 | Bailey   | Noticed an orc knight
 13828 | Bailey   | Elyvilon protects you from harm!
 13873 | Bailey   | Noticed an orc warlord
 13924 | Bailey   | Killed an orc warlord
 14234 | D:9      | Acquired the ring "Jiokleutz" {Fly rElec SInv}
 14282 | D:10     | Entered Level 10 of the Dungeon
 14558 | D:10     | Reached ***** piety under Elyvilon
 14814 | D:10     | Found a staircase to the Lair.
 15201 | D:10     | Found a staircase to the Orcish Mines.
 15669 | D:10     | Noticed a two-headed ogre
 15673 | D:10     | Killed a two-headed ogre
 15759 | D:10     | Found a sacrificial altar of Ru.
 16173 | Lair:1   | Entered Level 1 of the Lair of Beasts
 16482 | Lair:1   | Reached XP level 12. HP: 58/64 MP: 21/22
 16488 | Lair:1   | Learned a level 4 spell: Flame Wave
 17532 | Lair:1   | Reached skill level 5 in Invocations
 18681 | Lair:2   | Reached skill level 10 in Conjurations
 18879 | Lair:2   | Reached skill level 1 in Fire Magic
 19042 | Lair:2   | Reached skill level 1 in Hexes
 19166 | Lair:2   | Identified the +2 ring mail of the Spheres {Fly rPois rF+++
                  | Str-2}
 19183 | Lair:2   | Reached ****** piety under Elyvilon
 19197 | Lair:2   | Reached XP level 13. HP: 42/70 MP: 23/24
 19582 | Lair:2   | Elyvilon protects you from harm!
 20380 | Lair:2   | Reached skill level 1 in Maces & Flails
 21134 | Lair:3   | Found a staircase to the Shoals.
 22784 | Lair:3   | Found a staircase to the Snake Pit.
 23591 | Lair:3   | Found a staircase to the Snake Pit.
 23846 | Lair:3   | Found a staircase to the Shoals.
 24211 | Lair:4   | Noticed Kirke
 24229 | Lair:4   | Killed Kirke
 24230 | Lair:4   | Reached XP level 14. HP: 68/75 MP: 12/27
 24785 | Lair:4   | Noticed Rupert
 24856 | Lair:4   | Killed Rupert
 26423 | Lair:4   | Reached skill level 10 in Spellcasting
 26444 | Lair:4   | Reached skill level 5 in Fire Magic
 28331 | Lair:5   | Entered Level 5 of the Lair of Beasts
 28384 | Lair:4   | Reached skill level 1 in Shields
 29305 | Lair:5   | Found a viscous altar of Jiyva.
 29312 | Lair:5   | Learned a level 4 spell: Fulminant Prism
 29646 | Lair:5   | Found a staircase to the Slime Pits.
 29905 | Lair:5   | Reached XP level 15. HP: 80/80 MP: 22/29
 30523 | Lair:5   | Reached skill level 15 in Stealth
 30875 | Lair:5   | Reached skill level 5 in Short Blades
 34015 | D:11     | Found Potyc's Book Emporium.
 34021 | D:11     | Bought a book of Armaments for 360 gold pieces
 34025 | D:11     | Learned a level 3 spell: Stone Arrow
 35265 | D:12     | Reached skill level 1 in Earth Magic
 35725 | D:12     | Reached skill level 10 in Invocations
 35969 | D:12     | Found a portal to a secret trove of treasure.
 36963 | D:12     | Found a portal to a secret trove of treasure.
 37476 | Orc:1    | Entered Level 1 of the Orcish Mines
 37484 | Orc:1    | Noticed Harold
 37492 | Orc:1    | Killed Harold
 37863 | Orc:1    | Found Ecrexess's Overcharged Wands.
 38005 | Orc:1    | Noticed Sonja
 38007 | Orc:1    | Killed Sonja
 38216 | Orc:2    | Entered Level 2 of the Orcish Mines
 38849 | Orc:2    | Reached XP level 16. HP: 84/84 MP: 19/32
 39878 | Orc:2    | Found Igirch's Antique Weapon Shoppe.
 39878 | Orc:2    | Found Naimuv's Antique Armour Boutique.
 39878 | Orc:2    | Found Voawypp's Antique Armour Shop.
 39879 | Orc:2    | Found Samis's Distillery.
 39970 | Orc:2    | Found a staircase to the Elven Halls.
 40616 | Orc:2    | Found Naimuv's Antique Armour Boutique.
 40616 | Orc:2    | Found Igirch's Antique Weapon Shoppe.
 40616 | Orc:2    | Found Samis's Distillery.
 40617 | Orc:2    | Found Voawypp's Antique Armour Shop.
 40664 | Orc:2    | Found a staircase to the Elven Halls.
 41542 | Orc:2    | Bought a pair of runed boots for 202 gold pieces
 42055 | D:13     | Found Reveoth's Neck Hole.
 42092 | D:13     | Bought an amulet of magic regeneration for 360 gold pieces
 42142 | D:13     | Found a gate to the Vaults.
 42173 | D:13     | Reached skill level 15 in Conjurations
 42928 | D:14     | Found a gate leading to a gauntlet.
 42940 | Gauntlet | Entered a Gauntlet
 42966 | Gauntlet | Found a transporter.
 43003 | Gauntlet | Found a transporter.
 43017 | Gauntlet | Found a transporter.
 43032 | Gauntlet | Found a transporter.
 43047 | Gauntlet | Found a transporter.
 43073 | Gauntlet | Found a transporter.
 43087 | Gauntlet | Found a transporter.
 43109 | Gauntlet | Found a transporter.
 43125 | Gauntlet | Found a transporter.
 43221 | Gauntlet | Found a transporter.
 43225 | Gauntlet | Found a transporter.
 43283 | Gauntlet | Identified the +2 helmet of Youthful Indiscretion {rC+
                  | Str+4}
 43339 | Gauntlet | Found the +8 Wrath of Trog {antimagic, *Rage Rampage}
 43858 | D:14     | Found a gateway to a bazaar.
 43864 | Bazaar   | Entered a bazaar
 43874 | Bazaar   | Found Haigo's Book Shop.
 43914 | Bazaar   | Found Nemn's Book Boutique.
 43942 | Bazaar   | Found Hoehuerph's Antique Armour Boutique.
 43956 | Bazaar   | Found Etyxtyny's Antique Armour Shop.
 44001 | Bazaar   | Bought a runed scarf for 160 gold pieces
 44028 | Bazaar   | Bought a book of Iron for 324 gold pieces
 44035 | Bazaar   | Learned a level 6 spell: Iron Shot
 44248 | D:15     | Entered Level 15 of the Dungeon
 45450 | Snake:1  | Entered Level 1 of the Snake Pit
 46160 | Snake:1  | Found Silohero's Weapon Emporium.
 46165 | Snake:1  | Found Xaukhog's Antique Weapon Shoppe.
 46176 | Snake:1  | Acquired the +0 staff of Battle
 46176 | Snake:1  | Found the +0 staff of Battle
 46403 | Snake:1  | You are sucked into a shaft and drop 1 floor!
 46432 | Snake:1  | Reached skill level 5 in Earth Magic
 46432 | Snake:1  | Reached XP level 17. HP: 78/88 MP: 24/34
 46893 | Snake:1  | Found an opulent altar of Gozag.
 47617 | Snake:2  | Noticed Asterion
 47634 | Snake:2  | Killed Asterion
 48081 | Snake:2  | Identified the +0 robe "Wuib" {Dex+4}
 48424 | Snake:2  | Noticed Vashnia
 48650 | Snake:2  | Killed Vashnia
 49986 | Snake:3  | Reached XP level 18. HP: 84/93 MP: 30/36
 51177 | Snake:4  | Entered Level 4 of the Snake Pit
 51732 | Snake:4  | Noticed Mlioglotl
 51822 | Snake:4  | Killed Mlioglotl
 52108 | Snake:4  | Noticed Bai Suzhen
 52115 | Snake:4  | Killed Bai Suzhen
 52259 | Snake:4  | Noticed Donald
 52267 | Snake:4  | Killed Donald
 52662 | Snake:4  | Reached skill level 15 in Spellcasting
 52904 | Snake:4  | Reached skill level 5 in Armour
 53057 | Snake:4  | Reached skill level 10 in Earth Magic
 53063 | Snake:4  | Learned a level 5 spell: Lee's Rapid Deconstruction
 53158 | Snake:4  | Got a serpentine rune of Zot
 53900 | Shoals:1 | Entered Level 1 of the Shoals
 53921 | Shoals:1 | Found a flickering gateway to a bazaar.
 53933 | Bazaar   | Entered a bazaar
 53962 | Bazaar   | Found Liokenag's Antique Armour Shoppe.
 53968 | Bazaar   | Found Yskelitz's Antique Armour Shop.
 53986 | Bazaar   | Found Dafontov's Armour Boutique.
 54006 | Bazaar   | Found Mimoeb's Armour Shop.
 54152 | Shoals:1 | Reached XP level 19. HP: 80/98 MP: 37/38
 56741 | Shoals:2 | Found Qoik's Antique Weapon Boutique.
 57968 | Shoals:3 | Noticed Nikola
 57976 | Shoals:3 | Killed Nikola
 58079 | Shoals:3 | Found Vitol's Antique Armour Emporium.
 58113 | Shoals:3 | Was placed under penance by Elyvilon
 58838 | Shoals:2 | Found Qoik's Antique Weapon Boutique.
 59421 | Shoals:3 | Was forgiven by Elyvilon
 59540 | Shoals:3 | Noticed Ilsuiw
 60380 | Shoals:3 | Noticed Polyphemus
 60393 | Shoals:3 | Killed Polyphemus
 60742 | Shoals:3 | Found Fomyegirgh's Armour Shoppe.
 61951 | Shoals:3 | Killed Ilsuiw
 62899 | Shoals:3 | Found Vitol's Antique Armour Emporium.
 63161 | Shoals:3 | Found Fomyegirgh's Armour Shoppe.
 63751 | Shoals:3 | Found Vitol's Antique Armour Emporium.
 64220 | Shoals:3 | Found Fomyegirgh's Armour Shoppe.
 64265 | Shoals:4 | Entered Level 4 of the Shoals
 64820 | Shoals:4 | Found Boyptad's CLEARANCE SALE!.
 65599 | Shoals:4 | Found a runed translucent gate.
 65599 | Shoals:4 | Found a runed translucent gate.
 65599 | Shoals:4 | Found a runed translucent gate.
 65601 | Shoals:4 | Found an opulent altar of Gozag.
 65690 | Shoals:4 | Reached XP level 20. HP: 95/103 MP: 39/40
 65886 | Shoals:4 | Got a barnacled rune of Zot
 66564 | Shoals:4 | Noticed Zeldest's ghost (adept TrFi)
 66657 | Shoals:4 | Killed Zeldest's ghost
 66833 | Shoals:4 | Found Quwkey's Assorted Antiques.
 67825 | Shoals:4 | Found Boyptad's CLEARANCE SALE!.
 68263 | D:9      | Bought a ring of positive energy for 260 gold pieces
 68421 | Vaults:1 | Entered Level 1 of the Vaults
 68514 | Vaults:1 | Identified the +8 chain mail of Doyruseh {rN+ rCorr Int-3}
 72248 | Vaults:2 | Reached XP level 21. HP: 96/107 MP: 39/42
 72351 | Vaults:2 | Found a staircase to the Crypt.
 72666 | Vaults:2 | Noticed Mara
 72674 | Vaults:2 | Killed Mara
 72967 | Vaults:2 | Noticed Sojobo
 72980 | Vaults:2 | Killed Sojobo
 73307 | Vaults:2 | Elyvilon protects you from harm!
 75825 | Vaults:3 | Got the Catalogue of Shifting and Hoarfrost
 76014 | Vaults:3 | Reached skill level 10 in Translocations
 76630 | Vaults:3 | Reached XP level 22. HP: 108/112 MP: 32/44
 77006 | Vaults:3 | Reached skill level 15 in Earth Magic
 78264 | Vaults:4 | Noticed Aizul
 79260 | Vaults:4 | Killed Aizul
 79425 | Vaults:4 | Noticed Saint Roka
 79517 | Vaults:4 | Killed Saint Roka
 79719 | Vaults:4 | Noticed Xtahua
 79738 | Vaults:4 | Paralysed by Xtahua for 2 turns
 79745 | Vaults:4 | Killed Xtahua
 80511 | Vaults:4 | Learned a level 2 spell: Passwall
 80905 | Vaults:4 | Paralysed by a sphinx for 5 turns
 80908 | Vaults:4 | HP: 6/144 [ironbound frostheart/creeping frost[a vault
                  | warden] (14)]
 80909 | Vaults:4 | Elyvilon protects you from harm!
 81513 | Vaults:4 | Paralysed by a sphinx for 2 turns
 83504 | D:9      | Bought the amulet "Zasologa" {Reflect rElec rF- rN+ rCorr
                  | SH+5} for 608 gold pieces
 83741 | Elf:1    | Entered Level 1 of the Elven Halls
 83912 | Elf:1    | Reached XP level 23. HP: 107/116 MP: 46/46
 84354 | Elf:1    | Found Seggogics's Jewellery Boutique.
 85891 | Elf:1    | Got Naor's Commentary on United Concussion
 86646 | Elf:2    | Found a runed translucent gate.
 86647 | Elf:2    | Found a runed translucent gate.
 86647 | Elf:2    | Found a runed translucent gate.
 86770 | Elf:2    | Learned a level 7 spell: Orb of Destruction
 87473 | Elf:2    | Noticed Azrael
 87477 | Elf:2    | Killed Azrael
 88162 | D:15     | Noticed Nessos
 88167 | D:15     | Killed Nessos
 88227 | D:15     | Found a staircase to the Depths.
 88467 | Depths:1 | Entered Level 1 of the Depths
 88468 | Depths:1 | Found a one-way gateway to a ziggurat.
 89295 | Depths:1 | Found a shadowy altar of Dithmenos.
 89637 | Depths:1 | Found a gateway to Hell.
 89643 | Depths:1 | Identified the +1 ring mail of Spring {Harm SInv}
 90067 | Depths:1 | Reached XP level 24. HP: 121/121 MP: 46/46
 91776 | Depths:2 | Noticed a caustic shrike
 91781 | Depths:2 | Killed a caustic shrike
 92892 | Depths:2 | Found a one-way gate leading to the halls of Pandemonium.
 93196 | Depths:2 | Learned a level 5 spell: Irradiate
 93440 | Depths:2 | Found a broken altar of Ashenzari.
 94293 | Depths:3 | Elyvilon protects you from harm!
 95419 | Depths:3 | Found a one-way gate to the infinite horrors of the Abyss.
 95917 | Depths:4 | Entered Level 4 of the Depths
 95952 | Depths:3 | Learned a level 6 spell: Starburst
 95961 | Depths:3 | Learned a level 8 spell: Lehudib's Crystal Spear
 96038 | Depths:4 | Noticed a golden dragon
 96239 | Depths:4 | Killed a golden dragon
 96240 | Depths:4 | Reached XP level 25. HP: 100/125 MP: 37/47
 96865 | Depths:4 | Found Nasiahit's Weapon Boutique.
 96865 | Depths:4 | Found Yroth's General Store.
 96866 | Depths:4 | Found Wirphak's Jewellery Boutique.
 96872 | Depths:4 | Bought a scroll of brand weapon for 218 gold pieces
 97602 | Depths:4 | Found a transporter.
 97605 | Depths:4 | Found a transporter.
 97606 | Depths:4 | Found a transporter.
 97608 | Depths:4 | Found a transporter.
 98137 | Depths:4 | Found a gate to the Realm of Zot.
 98556 | Zig:1    | Entered Level 1 of a ziggurat
 98575 | Zig:2    | Entered Level 2 of a ziggurat
 98609 | Zig:3    | Entered Level 3 of a ziggurat
 98610 | Zig:3    | Found the brooch of Shielding {Spirit SH+8}
 98691 | Zig:4    | Entered Level 4 of a ziggurat
 98739 | Zig:4    | Identified the +8 spear of Intense Purpose {drain, rN+
                  | Will+ Str+4 Dex+4}
 98741 | Zig:4    | Identified the +3 sling of Sonkiut {flame, rN+ rCorr Str-2}
 98761 | Zig:5    | Entered Level 5 of a ziggurat
 98765 | Zig:5    | Noticed a Killer Klown
 98765 | Zig:5    | Noticed a Killer Klown
 98774 | Zig:5    | Killed a Killer Klown
 98790 | Zig:5    | HP: 5/156 [something/klown pie (39)]
 98794 | Zig:5    | Killed a Killer Klown
 98926 | Zig:6    | Entered Level 6 of a ziggurat
 99010 | Zig:6    | Reached XP level 26. HP: 131/131 MP: 48/48
 99021 | Zig:6    | Learned a level 7 spell: Spellforged Servitor
 99027 | Zig:6    | Reached XP level 27. HP: 135/135 MP: 48/48
 99064 | Zig:7    | Entered Level 7 of a ziggurat
 99163 | Zig:7    | Identified the +8 lajatang "Ackujus" {freeze, rC+}
 99194 | Zig:8    | Entered Level 8 of a ziggurat
 99313 | Zig:8    | Identified the +3 scale mail of the Endless Expanse {rElec
                  | rN+ Str-4 Int+3}
 99555 | Vaults:5 | Entered Level 5 of the Vaults
 99718 | Vaults:5 | HP: 4/129 [shadow dragon (9)]
 99718 | Vaults:5 | Elyvilon protects you from harm!
 99718 | Vaults:5 | Elyvilon protects you from harm!
 99719 | Vaults:4 | Succumbed to a tengu reaver's poison

Illustrated notes

Levels and vault maps discovered:
D:1:      noname_arrival_rooms_in_the_neighbourhood, layout_basic
D:2:      layout_loops_ring, minmay_misc_feat_roman,
          hangedman_abyss_or_decor_lesser_grid, small_statue_intersection,
          st_stairs_3, minmay_misc_feat_hallway, uniq_robin, uniq_natasha,
          uniq_jessica
D:3:      layout_rooms, gup_sewer_entry_bubbles,
          shapermc_ecumenical_altar_mp_ritualfount, uniq_crazy_yiuf_cottage,
          uniq_terence, uniq_grinder
D:4:      layout_loops_cross, nzn_wu_jian_contemplation
D:5:      layout_basic, serial_bayou, serial_bayou_ford_a, serial_bayou_pond_c,
          serial_bayou_pond_c, serial_bayou_shore_a, uniq_sigmund,
          uniq_blork_the_orc
D:6:      layout_cave_pools, minmay_temple_entry_nine_rooms, minmay_small_thing,
          uniq_duvessa
D:7:      layout_basic, nicolae_vehumet_altar_sigil, kennysheep_little_box
D:8:      layout_loops_cross, grunt_temple_overflow_open, grunt_gozag_statues
D:9:      layout_rooms, fedhas_altar_fruit_tree, gammafunk_temple_overflow_wave,
          serial_shops, nicolae_shop_statue_plus, enter_bailey_5, minivault_21
D:10:     layout_basic, nicolae_ru_awakened_eye, erik_lair_orcish_takeover,
          kennysheep_orc_monster_closet_entryway, minivault_24,
          amethyst_killhole
D:11:     layout_basic, serial_shops, nicolae_square_shop,
          kennysheep_generic_room_9
D:12:     layout_layer_cave, serial_undead, serial_undead_f, serial_undead_d,
          serial_undead_c, serial_undead_e, nicolae_trove_entry_diagonal,
          portal_ice_cave_entry_imps
D:13:     layout_basic, lightli_vaults_fourway_checkpoint,
          nicolae_shop_sticking_my_neck_out
D:14:     layout_cave_pools, serial_shops, bzr_entry_dummy,
          gauntlet_entry_generic, serial_park_avenue1
D:15:     hangedman_depths_entry_try_elsewhere_first, layout_layer_cave,
          minmay_crystal_water, uniq_nessos
Temple:   nicolae_temple_no_exploring_needed
Lair:1:   layout_cave_pods
Lair:2:   nzn_winding_woodlands_medium [nzn_winding_woodlands_5x5_closed_star,
          nzn_winding_woodlands_5x15_cabin, nzn_winding_woodlands_5x5_cross,
          nzn_winding_woodlands_5x5_three,
          nzn_winding_woodlands_center_pierced_h,
          nzn_winding_woodlands_5x5_default,
          nzn_winding_woodlands_5x5_checkerboard,
          nzn_winding_woodlands_5x15_lazy_stream,
          nzn_winding_woodlands_5x5_default], layout_chaotic_city
Lair:3:   layout_regular_city, shoals_dummy_entry,
          minmay_snake_entry_guardpost_medium, grunt_megastairs_1,
          infiniplex_staircase_pool_2
Lair:4:   layout_gridlike, grunt_forest_large_clearings, uniq_kirke, uniq_rupert
Lair:5:   due_jungle_book, layout_misc_corridors, minmay_slime_entry_oklob_open
Shoals:1: layout_shoals, serial_shops, bzr_entry_safe
Shoals:2: layout_shoals, nicolae_shoals_c_island
Shoals:3: layout_shoals, serial_shops, nicolae_shop_hallway_stairs,
          nicolae_shop_overgrown_old_shop, nicolae_splish_splash, uniq_ilsuiw,
          uniq_polyphemus, uniq_nikola
Shoals:4: shoals_end_simple, layout_shoals, ebering_ghost_gozag,
          nicolae_shop_clearance
Snake:1:  layout_layer_cave, basic_altar, hangedman_corner_corridor,
          grunt_megastairs_5, minmay_shoptagon
Snake:2:  layout_misc_corridors, nicolae_snake_mages_go_home, uniq_vashnia,
          uniq_asterion
Snake:3:  layout_basic
Snake:4:  grunt_snake_rune_pools, layout_rooms, uniq_bai_suzhen, uniq_mlioglotl,
          uniq_donald
Orc:1:    layout_caves, basic_altar, nicolae_shop_overcharged_wands, uniq_sonja,
          uniq_harold
Orc:2:    st_orc_rangers, layout_diamond_mine
Elf:1:    eino_elf_arrival_sip, layout_loops_corners, serial_shops, shop,
          minmay_elf_sorcery, unseen_surprise_small
Elf:2:    nicolae_elf_blades_crystal_corner, layout_rooms, uniq_azrael
Vaults:1: v_pattern_2, grunt_vaults_bifocal,
          vaults_standard_mumra_enter_the_diamond,
          nicolae_vaults_lopsided_apartments, hangedman_vaults_nails,
          nicolae_vaults_specimen_jars, nicolae_vaults_shelves_hall,
          nicolae_vaults_angled_halls, hangedman_vaults_nails, v_misc_9,
          nicolae_vaults_shelves_hall, layout_vaults_maze_bifur
Vaults:2: vaults_dpeg_ring, ontoclasm_vaults_idyll, hangedman_vaults_hat,
          serial_ice_b, v_misc_11, v_misc_30, vaults_dpeg_cross,
          vaults_room_grunt_arrival_ludios, minmay_crypt_entry_simple_sparse,
          layout_vaults_chaotic_city, uniq_sojobo, uniq_mara
Vaults:3: vaults_mumra_hexcomb, hangedman_vaults_impose, nicolae_vaults_arrows,
          ontoclasm_vaults_eye, v_misc_27, v_misc_1,
          nicolae_vaults_yaktaur_gun_rack, nicolae_vaults_asterisk,
          special_room_vaults [special_room_orc], v_misc_25, v_misc_15,
          nicolae_vaults_gold_heap, hangedman_vaults_corner_blocks,
          layout_vaults_omnibox
Vaults:4: vaults_dpeg_doors, vaults_room_large_hall,
          vaults_standard_mumra_enter_the_diamond, st_lines, vaults_room_fours,
          hangedman_vaults_restitches, ontoclasm_vaults_pinch,
          layout_vaults_omnigrid, uniq_saint_roka, uniq_xtahua, uniq_aizul
Vaults:5: serial_shops
Depths:1: layout_basic, enter_ziggurat_a, minmay_misc_feat_diagonals,
          hell_entry, nicolae_dithmenos_shadow_blocks, grunt_megastairs_4
Depths:2: kennysheep_snake, layout_small_grid, grunt_decor_junction,
          lightli_too_deep, pan_entry, cheibrodos_ashenzari_chains,
          serial_bayou_shore_b
Depths:3: cheibrodos_birdhouse, layout_gridlike, grunt_hell_entry_dis_grunt,
          abyss_entry
Depths:4: grunt_zot_entry_pinwheel, layout_basic, grunt_decor_arrowhead,
          hell_entry, nicolae_diode_quadrants, minmay_shop_star

Skill      XL: |  1  2  3  4  5  6  7  8  9 10 11 12 13 14 15 16 17 18 19 20 21 22 23 24 25 26 |
---------------+-------------------------------------------------------------------------------+-----
Stealth        | 3 4 6 7 9 11 12 13 14 15 16 17 18 | 18.1
Dodging        | 3 4 5 6 7 8 9 |  9.4
Conjurations   | 5 6 7 9 10 12 13 14 15 16 17 18 19 20 21 | 21.5
Spellcasting   | 3 4 5 6 7 9 10 12 13 14 15 16 17 18 19 20 21 | 21.3
Short Blades   | 1 3 4 5 |  5.7
Translocations | 1 2 3 4 6 7 8 9 10 11 | 11.7
Fighting       | 1 2 3 |  3.8
Invocations    | 1 3 4 6 7 8 10 11 12 13 | 13.9
Armour         | 2 3 4 5 6 7 8 |  8.8
Fire Magic     | 1 4 5 6 |  6.7
Hexes          | 1 2 |  2.0
Maces & Flails | 1 |  1.4
Shields        | 1 |  1.9
Earth Magic    | 2 5 7 10 12 13 14 15 17 18 19 | 19.4
Summonings     | 4 6 |  6.1
Evocations     | |  0.6

Action                   |  1- 3 |  4- 6 |  7- 9 | 10-12 | 13-15 | 16-18 | 19-21 | 22-24 | 25-27 || total
-------------------------+-------+-------+-------+-------+-------+-------+-------+-------+-------++-------
Melee: Club              |     4 |       |       |       |       |       |       |       |       ||     4
       Dagger            |    23 |    21 |    33 |    75 |    24 |    38 |       |    45 |     1 ||   260
       Flail             |       |       |       |    24 |    44 |       |       |       |       ||    68
       Scimitar          |       |       |       |       |       |     1 |       |       |       ||     1
       Rapier            |       |       |       |       |       |       |    13 |     3 |       ||    16
       Staff             |       |       |       |       |       |       |       |     2 |     1 ||     3
       Quick blade       |       |       |       |       |       |       |       |       |     9 ||     9
 Cast: Magic Dart        |    28 |     2 |     4 |    11 |     1 |       |       |     4 |       ||    50
       Searing Ray       |    15 |    35 |    47 |    96 |   152 |     1 |       |     2 |       ||   348
       Iskenderun's Myst |       |       |     3 |    84 |   287 |    91 |   205 |   255 |    45 ||   970
       Dazzling Flash    |       |       |       |     4 |       |     1 |       |       |       ||     5
       Fulminant Prism   |       |       |       |       |    16 |     1 |     5 |       |       ||    22
       Flame Wave        |       |       |       |       |     4 |       |       |     2 |       ||     6
       Stone Arrow       |       |       |       |       |   154 |   620 |   664 |   645 |    15 ||  2098
       Iron Shot         |       |       |       |       |       |     6 |       |     3 |    51 ||    60
       Lee's Rapid Decon |       |       |       |       |       |       |     1 |     6 |       ||     7
       Passwall          |       |       |       |       |       |       |       |     1 |       ||     1
       Starburst         |       |       |       |       |       |       |       |     1 |    15 ||    16
       Orb of Destructio |       |       |       |       |       |       |       |     1 |       ||     1
       Lehudib's Crystal |       |       |       |       |       |       |       |       |    12 ||    12
       Spellforged Servi |       |       |       |       |       |       |       |       |     1 ||     1
Invok: Heal Self         |       |       |     1 |       |     6 |       |     8 |    14 |     2 ||    31
       Heal Other        |       |       |       |     2 |     7 |       |     6 |     3 |       ||    18
       Purification      |       |       |       |       |     6 |     1 |       |     2 |     4 ||    13
       Divine Vigour     |       |       |       |       |       |     2 |     4 |     6 |     2 ||    14
Evoke: Wand              |       |       |       |     1 |     1 |       |     1 |     2 |     2 ||     7
       Phantom mirror    |       |       |       |     1 |       |       |       |     1 |       ||     2
       Box of beasts     |       |       |       |       |       |       |       |       |     1 ||     1
  Use: Scroll            |     4 |     4 |     3 |    17 |     6 |     8 |     4 |     4 |     5 ||    55
       Potion            |     1 |     2 |     2 |     8 |       |     2 |     2 |       |     3 ||    20
 Stab: Sleeping          |     5 |    12 |    29 |    26 |    30 |    28 |    13 |    48 |     9 ||   200
       Invisible         |       |       |       |     6 |       |       |       |       |       ||     6
       Distracted        |       |       |       |     3 |       |     2 |       |       |       ||     5
       Petrified         |       |       |       |       |     1 |       |       |       |       ||     1
Armor: Robe              |    21 |    11 |    39 |    62 |    74 |       |       |       |       ||   207
       Leather armour    |       |       |       |    40 |    70 |       |       |       |       ||   110
       Troll leather arm |       |       |       |       |    16 |    29 |       |       |    29 ||    74
       Ring mail         |       |       |       |       |    15 |     2 |       |       |    11 ||    28
       Scale mail        |       |       |       |       |       |    54 |    80 |    63 |     3 ||   200
       Chain mail        |       |       |       |       |       |       |    59 |    75 |       ||   134
Dodge: Dodged            |    44 |    24 |   116 |   235 |   318 |   127 |   126 |    87 |    58 ||  1135
Block: Buckler           |       |       |       |     3 |    75 |    16 |       |       |       ||    94
